 Dungeon Crawl Stone Soup version 0.21.1-1-g345015f (webtiles) character file.

664 Mgcat the Firebug (level 7, -3/36 HPs)
             Began as a Gargoyle Fire Elementalist on Mar 16, 2018.
             Was an Initiate of Vehumet.
             Slain by Curus's ghost (5 damage)
             ... on level 6 of the Dungeon.
             The game lasted 00:15:43 (4823 turns).

Mgcat the Firebug (Gargoyle Fire Elementalist)      Turns: 4823, Time: 00:15:44

Health: -3/36      AC: 11    Str: 12    XL:     7   Next: 57%
Magic:  0/13       EV: 14    Int: 17    God:    Vehumet [......]
Gold:   195        SH:  0    Dex: 10    Spells: 5/15 levels left

rFire    . . .     SeeInvis .   w - -2 hand axe (curse)
rCold    . . .     Gourm    .   (no shield)
rNeg     + + .     Faith    .   a - +0 robe
rPois    ∞         Spirit   .   (no helmet)
rElec    +         Reflect  .   (no cloak)
rCorr    .         Harm     .   s - +0 pair of gloves
MR       .....                  r - +1 pair of boots of the Guardian {+Fly rN+}
Stlth    ++........             (no amulet)
HPRegen  0.12/turn              j - +2 ring of evasion
MPRegen  0.13/turn              q - +2 ring of protection

@: very slightly contaminated
A: negative energy resistance 1, electricity resistance, unbreathing,
petrification resistance, rot immunity, AC +4
a: Renounce Religion, Evoke Flight


You were on level 6 of the Dungeon.
You worshipped Vehumet.
Vehumet was noncommittal.
You were very hungry.

You visited 2 branches of the dungeon, and saw 7 of its levels.

You collected 195 gold pieces.

Inventory:

Hand Weapons
 i - a +1 whip
   (You found it on level 1 of the Dungeon)
 v - a +0 mace of holy wrath
   (You took it off an orc on level 5 of the Dungeon)
 w - a cursed -2 hand axe (weapon)
   (You found it on level 4 of the Dungeon)
 x - a cursed -2 mace
   (You took it off an orc on level 5 of the Dungeon)
Missiles
 e - a tomahawk of dispersal {=f}
Armour
 a - a +0 robe (worn)
 r - the +1 pair of boots of the Guardian (worn) {+Fly rN+}
   (You found it on level 4 of the Dungeon)

   It protects you from negative energy.
   It lets you fly.
 s - a +0 pair of gloves (worn)
   (You found it on level 2 of the Dungeon)
Jewellery
 j - a +2 ring of evasion (left hand)
   (You found it on level 1 of the Dungeon)
 o - an uncursed ring of fire {rF+, rC-}
   (You found it on level 1 of the Dungeon)
 q - a +2 ring of protection (right hand)
   (You found it on level 3 of the Dungeon)
Scrolls
 h - 2 scrolls of enchant weapon
 p - a scroll of identify
Potions
 d - a potion of brilliance {unknown}
 g - a potion of flight {unknown}
 k - a potion of magic {unknown}
 l - a potion of degeneration {unknown}
 n - a potion of ambrosia {unknown}
 u - a potion of might {unknown}
Books
 b - a book of Flames
Comestibles
 c - 7 rations
 f - 5 chunks of flesh {@w0}


   Skills:
 - Level 1.5 Dodging
 - Level 2.1 Stealth
 + Level 4.6 Spellcasting
 + Level 5.0 Conjurations
 + Level 5.4 Fire Magic


You had 5 spell levels left.
You knew the following spells:

 Your Spells              Type           Power        Failure   Level  Hunger
a - Flame Tongue          Conj/Fire      ###..        1%          1    None
b - Throw Flame           Conj/Fire      ###...       2%          2    ##.....
c - Conjure Flame         Conj/Fire      ###.....     4%          3    ###....
d - Sticky Flame          Conj/Fire      ###.....     17%         4    ####...


Dungeon Overview and Level Annotations

Branches:
Dungeon (6/15)             Temple (1/1) D:4

Altars:
Fedhas
Kikubaaqudgha
Trog
Vehumet
Wu Jian
Zin
The Shining One
Lugonu

Annotations:
D:5 bmj180's ghost, amateur MiFi
D:6 Curus's ghost, amateur DsGl


Innate Abilities, Weirdness & Mutations

You are resistant to torment.
Your stone body is resilient. (AC +4)
You are immune to poison.
You resist negative energy. (rN+)
You are resistant to electric shocks. (rElec)
You can survive without breathing.
You are immune to petrification.
You are immune to rotting.


Message History

You enter the shallow water.
Moving in this stuff is going to be slow.
Some of the chunks of flesh in your inventory have rotted away.
Bmj180's ghost says, "I am made of steel!"
There is a stone staircase leading down here.
Your magical contamination has completely faded away.
You climb downwards.
Curus's ghost (amateur Demonspawn Gladiator) comes into view.
Curus's ghost turns its malevolent gaze towards you.
There is a stone staircase leading up here.
Unknown command.
Unknown command.
Unknown command.
Unknown command.
Casting: Flame Tongue
Confirm with . or Enter, or press ? or * to list all spells.
Aiming: Flame Tongue
Press: ? - help, Shift-Dir - straight line, f - Curus's ghost
Aim: Curus's ghost The flame tongue hits Curus's ghost.
Curus's ghost is moderately damaged.
Casting: Flame Tongue
Confirm with . or Enter, or press ? or * to list all spells.
Aiming: Sticky Flame
Press: ? - help, Shift-Dir - straight line, f/p - Curus's ghost
Aim: Curus's ghost (moderately damaged)
The sticky flame hits Curus's ghost.
Curus's ghost is moderately damaged.
Curus's ghost misses you.
Casting: Sticky Flame
Confirm with . or Enter, or press ? or * to list all spells.
Aiming: Sticky Flame
Press: ? - help, Shift-Dir - straight line, f/p - Curus's ghost
Aim: Curus's ghost (moderately damaged)
The sticky flame hits Curus's ghost.
Curus's ghost is heavily damaged.
You are feeling very hungry.
Curus's ghost hits you!
Casting: Sticky Flame
Confirm with . or Enter, or press ? or * to list all spells.
Aiming: Flame Tongue
Press: ? - help, Shift-Dir - straight line, f/p - Curus's ghost
Aim: Curus's ghost (heavily damaged)
The flame tongue misses Curus's ghost.
Curus's ghost closely misses you.
Casting: Flame Tongue
Confirm with . or Enter, or press ? or * to list all spells.
Aiming: Flame Tongue
Press: ? - help, Shift-Dir - straight line, f/p - Curus's ghost
Aim: Curus's ghost (heavily damaged)
The flame tongue hits Curus's ghost.
Curus's ghost is severely damaged.
Curus's ghost hits you but does no damage.
Casting: Flame Tongue
Confirm with . or Enter, or press ? or * to list all spells.
Aiming: Flame Tongue
Press: ? - help, Shift-Dir - straight line, f/p - Curus's ghost
Aim: Curus's ghost (severely damaged)
The flame tongue hits Curus's ghost.
Curus's ghost appears unharmed.
Curus's ghost is severely damaged.
Curus's ghost hits you but does no damage.
You barely miss Curus's ghost.
Curus's ghost is severely damaged.
Curus's ghost closely misses you. Curus's ghost hits you.
You hit Curus's ghost but do no damage.
Curus's ghost is severely damaged.
Curus's ghost twirls its quarterstaff.
Curus's ghost hits you.
You hit Curus's ghost but do no damage.
Curus's ghost is severely damaged.
Curus's ghost hits you but does no damage.
You barely miss Curus's ghost.
Curus's ghost is severely damaged.
Curus's ghost hits you but does no damage.
You feel better. Curus's ghost hits you!
Casting: Flame Tongue
Confirm with . or Enter, or press ? or * to list all spells.
Aiming: Flame Tongue
Press: ? - help, Shift-Dir - straight line, f/p - Curus's ghost
Aim: Curus's ghost (severely damaged)
You miscast Flame Tongue.
You are very lightly contaminated with residual magic.
Heat runs through your body. Curus's ghost barely misses you.
You feel better. Curus's ghost misses you.
You barely miss Curus's ghost.
Curus's ghost is severely damaged.
Curus's ghost whispers, "There is no future for you."
Curus's ghost hits you. Curus's ghost completely misses you.
You miss Curus's ghost.
Curus's ghost is severely damaged.
Curus's ghost misses you.
You closely miss Curus's ghost.
Curus's ghost is severely damaged.
Curus's ghost hits you!
* * * LOW HITPOINT WARNING * * *
You aren't carrying any items that you can evoke.
You aren't carrying any items that you can evoke.
You closely miss Curus's ghost.
Curus's ghost is severely damaged.
Curus's ghost hits you.
You die...

#########
##..(#...##
##.........#
#....$......
#...........
#...W.......
#.$@......#
##...#....#
##### ..# #


You could see Curus's ghost.

Vanquished Creatures
  The ghost of jazmu the Skirmisher, an amateur DsMo (D:3)
  An ogre (D:4)
  2 hounds
  An orc priest (D:2)
  2 orc wizards
  A centaur skeleton (D:4)
  An iguana (D:3)
  3 worker ants (D:5)
  A hound skeleton (D:5)
  4 gnolls (D:3)
  5 adders
  An ooze (D:4)
  An adder skeleton (D:4)
  A worm (D:3)
  2 dart slugs (D:1)
  6 leopard geckos
  13 orcs
  A giant cockroach (D:2)
  8 goblins
  11 hobgoblins
  2 jackals (D:4)
  3 quokkas
  3 ball pythons
  9 bats
  14 frilled lizards
  2 jackal skeletons
  6 kobolds
  13 rats
118 creatures vanquished.

Notes
Turn   | Place    | Note
-------+----------+-------------------------------------------
     0 | D:1      | Mgcat the Gargoyle Fire Elementalist began the quest for the Orb.
     0 | D:1      | Reached XP level 1. HP: 10/10 MP: 3/3
   130 | D:1      | Reached XP level 2. HP: 15/15 MP: 0/5
   482 | D:1      | Learned a level 2 spell: Throw Flame
   526 | D:1      | Reached skill level 2 in Conjurations
   562 | D:1      | Reached XP level 3. HP: 17/19 MP: 4/6
  1294 | D:1      | Reached XP level 4. HP: 8/24 MP: 0/8
  1865 | D:3      | Reached skill level 3 in Spellcasting
  1865 | D:3      | Reached skill level 3 in Conjurations
  1920 | D:3      | Learned a level 3 spell: Conjure Flame
  1957 | D:3      | Reached XP level 5. HP: 28/28 MP: 9/9
  1966 | D:3      | Reached skill level 4 in Fire Magic
  2025 | D:3      | HP: 7/28 [orc priest/nerve-wracking pain (6)]
  2030 | D:3      | HP: 7/28 [orc priest/divine providence (9)]
  2117 | D:3      | HP: 6/28 [orc priest/mace (4)]
  2430 | D:3      | Found a faded altar of an unknown god.
  2465 | D:3      | Noticed jazmu's ghost (amateur DsMo)
  2515 | D:3      | Killed jazmu's ghost
  2515 | D:3      | Reached XP level 6. HP: 19/32 MP: 0/11
  2657 | D:3      | Reached skill level 4 in Conjurations
  2722 | D:3      | Learned a level 4 spell: Sticky Flame
  3377 | D:4      | Reached skill level 4 in Spellcasting
  3473 | D:4      | Found a staircase to the Ecumenical Temple.
  3479 | D:4      | Got a pair of dazzling boots
  3485 | Temple   | Entered the Ecumenical Temple
  3491 | Temple   | Identified the +1 pair of boots of the Guardian {+Fly rN+} (You found it on level 4 of the Dungeon)
  3504 | Temple   | Became a worshipper of Vehumet
  3692 | D:4      | Found a glowing silver altar of Zin.
  3727 | D:4      | Reached skill level 5 in Fire Magic
  3727 | D:4      | Reached XP level 7. HP: 36/36 MP: 8/13
  3810 | D:4      | Found a blossoming altar of Fedhas.
  4115 | D:4      | Found a bloodstained altar of Trog.
  4348 | D:4      | Found a glowing golden altar of the Shining One.
  4422 | D:5      | Entered Level 5 of the Dungeon
  4537 | D:5      | Reached skill level 5 in Conjurations
  4718 | D:5      | Noticed bmj180's ghost (amateur MiFi)
  4806 | D:6      | Noticed Curus's ghost (amateur DsGl)
  4822 | D:6      | HP: 2/36 [Curus's ghost (11)]
  4823 | D:6      | Slain by Curus's ghost

Skill      XL: |  1  2  3  4  5  6  7 |
---------------+----------------------+-----
Conjurations   | 2 3 4 5 |  5.0
Spellcasting   | 3 4 |  4.6
Fire Magic     | 4 5 |  5.4
Dodging        | |  1.5
Stealth        | |  2.1

Action                   |  1- 3 |  4- 6 |  7- 9 || total
-------------------------+-------+-------+-------++-------
Melee: Unarmed           |    31 |       |       ||    31
       Whip              |    18 |    30 |       ||    48
       War axe           |       |    55 |       ||    55
       Hand axe          |       |       |     8 ||     8
 Cast: Flame Tongue      |    60 |    94 |    22 ||   176
       Throw Flame       |     4 |    16 |    14 ||    34
       Sticky Flame      |       |       |     4 ||     4
  Use: Scroll            |       |     7 |     2 ||     9
       Potion            |       |     2 |     3 ||     5
  Eat: Chunk             |     2 |     9 |     3 ||    14
Armor: Robe              |    17 |    44 |     9 ||    70
Dodge: Dodged            |    52 |    97 |    15 ||   164

Vault maps used:
D:1:      dpeg_arrival_shrine, minmay_lizard_king
D:3:      chequers_ecumenical_altar_island
D:4:      kennysheep_mini, lemuel_crystal_altar, tso_altar, lemuel_round_altar,
          minmay_temple_entry_statues_fountains, minivault_4,
          minmay_misc_feat_five
D:5:      minmay_overflow_temple_hex, first_ration, chequers_big_river,
          uniq_crazy_yiuf_cottage, uniq_grinder
D:6:      nicolae_gozag_seed_capital
Temple:   corrupted_temple

Table legend:
 A = Turns spent in this place as a percentage of turns spent in the entire game.
 B = Non-inter-level travel turns spent in this place as a percentage of non-inter-level travel turns spent in the entire game.
 C = Inter-level travel turns spent in this place as a percentage of turns spent in this place.
 D = Turns resting spent in this place as a percentage of non-inter-level travel turns spent in this place.
 E = Turns spent auto-exploring this place as a percentage of non-inter-level travel turns spent in this place.
 F = Non-inter-level travel turns spent in this place divided by the number of levels of this place that you've seen.
                   A       B       C       D       E      F
               +-------+-------+-------+-------+-------+----------------------
         Total | 100.0 | 100.0 |   4.3 |   3.2 |  75.9 | 659.7
       Dungeon |  99.3 |  99.3 |   4.3 |   3.2 |  76.2 | 764.3
        Temple |   0.7 |   0.7 |   0.0 |   0.0 |  25.0 |  32.0
               +-------+-------+-------+-------+-------+----------------------

Table legend:
 A = Kills in this place as a percentage of kills in entire the game.
 B = Kills by you in this place as a percentage of kills by you in the entire game.
 C = Kills by friends in this place as a percentage of kills by friends in the entire game.
 D = Other kills in this place as a percentage of other kills in the entire game.
 E = Experience gained in this place as a percentage of experience gained in the entire game.
 F = Experience gained in this place divided by the number of levels of this place that you have seen.
                   A       B       C       D       E      F
               +-------+-------+-------+-------+-------+----------------------
         Total | 100.0 | 100.0 |   N/A |   N/A | 100.0 | 135.6
       Dungeon | 100.0 | 100.0 |   N/A |   N/A | 100.0 | 158.2
               +-------+-------+-------+-------+-------+----------------------
